 Dungeon Crawl Stone Soup version 0.22-a0-348-gd16d139 (webtiles) character file.

382 xccam the Skirmisher (level 6, -1/53 HPs)
             Began as a Gnoll Wanderer on Apr 8, 2018.
             Slain by a mummy (16 damage)
             ... in an ossuary.
             The game lasted 00:09:52 (3368 turns).

xccam the Skirmisher (Gnoll Wanderer)               Turns: 3368, Time: 00:09:53

Health: -1/53      AC:  7    Str: 19    XL:     6   Next: 76%
Magic:  9/9        EV: 14    Int: 13    God:
Gold:   221        SH:  4    Dex: 15    Spells: 9/9 levels left

rFire    . . .     SeeInvis .   b - +0 spear
rCold    . . .     Gourm    .   g - +0 buckler
rNeg     . . .     Faith    .   k - +0 leather armour
rPois    .         Spirit   .   (no helmet)
rElec    .         Reflect  .   t - +0 cloak {MR+}
rCorr    .         Harm     .   e - +0 pair of gloves
MR       ++...                  o - +0 pair of boots
Stlth    +++.......             (no amulet)
HPRegen  0.17/turn              u - ring of the Devil's Advocate {MR+ Str+2 Stlth+}
MPRegen  0.11/turn              (no ring)

@: no status effects
A: distributed training, fangs 1, strong nose
a: no special abilities


You were in an ossuary.
You were hungry.

You visited 1 branch of the dungeon, and saw 4 of its levels.
You also visited: Ossuary.

You collected 221 gold pieces.

Inventory:

Hand Weapons
 b - a +0 spear (weapon)
Armour
 e - a +0 pair of gloves (worn)
 g - a +0 buckler (worn)
 k - a +0 leather armour (worn)
 o - a +0 pair of boots (worn)
 t - a +0 cloak of magic resistance (worn)
 v - a +0 large shield
Jewellery
 p - an uncursed ring of fire
 u - the ring of the Devil's Advocate (left hand) {MR+ Str+2 Stlth+}
   (You found it on level 4 of the Dungeon)

   [ring of protection from magic]

   It affects your strength (+2).
   It affects your resistance to hostile enchantments.
   It makes you more stealthy.
Wands
 a - a wand of enslavement (12)
Scrolls
 c - 2 scrolls of enchant weapon {unknown}
 h - 2 scrolls of remove curse {unknown}
 j - a scroll of fog {unknown}
 m - 2 scrolls of identify {unknown}
 n - 4 scrolls of teleportation {unknown}
 q - a scroll of enchant armour {unknown}
 r - a scroll of blinking {unknown}
Potions
 d - 2 potions of curing
 i - a potion of cancellation {unknown}
 l - a potion of flight
Comestibles
 f - 4 rations


   Skills:
 + Level 6.8 Fighting
 + Level 2.0 Short Blades
 + Level 2.0 Long Blades
 + Level 2.0 Axes
 + Level 2.0 Maces & Flails
 + Level 2.0 Polearms
 + Level 2.0 Staves
 + Level 2.0 Slings
 + Level 2.0 Bows
 + Level 2.0 Crossbows
 + Level 3.3 Throwing
 + Level 5.0 Armour
 + Level 5.0 Dodging
 + Level 3.1 Stealth
 + Level 2.0 Shields
 + Level 2.0 Unarmed Combat
 + Level 2.0 Spellcasting
 + Level 1.6 Conjurations
 + Level 1.6 Hexes
 + Level 1.6 Charms
 + Level 1.6 Summonings
 + Level 1.6 Necromancy
 + Level 1.6 Translocations
 + Level 1.6 Transmutations
 + Level 1.6 Fire Magic
 + Level 1.6 Ice Magic
 + Level 1.6 Air Magic
 + Level 1.6 Earth Magic
 + Level 1.6 Poison Magic
 + Level 2.2 Invocations
 + Level 3.3 Evocations


You had 9 spell levels left.
You didn't know any spells.

Dungeon Overview and Level Annotations

Branches:
Dungeon (4/15)
 Temple: D:4-7

Altars:


Innate Abilities, Weirdness & Mutations

Your experience applies equally to all skills.
You have very sharp teeth.
Your uncanny sense of smell can sniff out nearby items.


Message History

You are too injured to fight recklessly!
You are too injured to fight recklessly!
You are too injured to fight recklessly!
You are too injured to fight recklessly!
You are too injured to fight recklessly!
You are too injured to fight recklessly!
You hit the mummy.
The mummy is moderately damaged.
The mummy closely misses you.
You barely miss the mummy.
The mummy is moderately damaged.
You hit the mummy.
The mummy is heavily damaged.
You block the mummy's attack.
You hit the mummy.
The mummy is severely damaged.
You hit the mummy.
The mummy is almost destroyed.
The mummy hits you!
You die... ###.### ##.....## #.......# ....... .....
ZZZ

#M# #@#
###.###
##.....##
#.......#
##...∩...##
+...∩∩∩...+
##...∩...##
#.......#
##.....##


You could see a mummy, an elf zombie and 2 human zombies.

Vanquished Creatures
  A scorpion (D:4)
  A centaur zombie (Ossuary)
  Jessica (D:3)
  An orc wizard (D:4)
  A worker ant (D:4)
  A hound skeleton (D:4)
  9 adders
  3 oozes
  A worm (D:2)
  4 dart slugs
  A leopard gecko (D:2)
  8 orcs
  A ball python (D:2)
  7 bats
  3 giant cockroaches (D:2)
  11 hobgoblins
  6 jackals
  11 kobolds
  3 quokkas
  6 frilled lizards
  5 goblins
  9 rats
94 creatures vanquished.

Vanquished Creatures (collateral kills)
  A frilled lizard (D:4)
1 creature vanquished.

Vanquished Creatures (others)
  An orc priest (D:4)
  An orc (D:4)
  A bat (D:2)
3 creatures vanquished.

Grand Total: 98 creatures vanquished

Notes
Turn   | Place    | Note
-------+----------+-------------------------------------------
     0 | D:1      | xccam the Gnoll Wanderer began the quest for the Orb.
     0 | D:1      | xccam set off with: a wand of enslavement (15), a +0 spear, a potion of curing, a +0 robe, a ration
     0 | D:1      | Reached XP level 1. HP: 23/23 MP: 2/2
   154 | D:1      | Reached XP level 2. HP: 29/29 MP: 3/3
   672 | D:1      | Reached XP level 3. HP: 34/35 MP: 4/4
  1068 | D:2      | Reached skill level 1 in Invocations
  1103 | D:2      | Reached skill level 1 in Short Blades
  1103 | D:2      | Reached skill level 1 in Long Blades
  1103 | D:2      | Reached skill level 1 in Axes
  1103 | D:2      | Reached skill level 1 in Maces & Flails
  1103 | D:2      | Reached skill level 1 in Polearms
  1103 | D:2      | Reached skill level 1 in Staves
  1103 | D:2      | Reached skill level 1 in Slings
  1103 | D:2      | Reached skill level 1 in Bows
  1103 | D:2      | Reached skill level 1 in Crossbows
  1103 | D:2      | Reached skill level 1 in Shields
  1103 | D:2      | Reached skill level 1 in Unarmed Combat
  1103 | D:2      | Reached skill level 1 in Spellcasting
  1112 | D:2      | Reached XP level 4. HP: 36/41 MP: 4/6
  1367 | D:2      | Reached skill level 1 in Conjurations
  1367 | D:2      | Reached skill level 1 in Hexes
  1367 | D:2      | Reached skill level 1 in Charms
  1367 | D:2      | Reached skill level 1 in Summonings
  1367 | D:2      | Reached skill level 1 in Necromancy
  1367 | D:2      | Reached skill level 1 in Translocations
  1367 | D:2      | Reached skill level 1 in Transmutations
  1367 | D:2      | Reached skill level 1 in Fire Magic
  1367 | D:2      | Reached skill level 1 in Ice Magic
  1367 | D:2      | Reached skill level 1 in Air Magic
  1367 | D:2      | Reached skill level 1 in Earth Magic
  1367 | D:2      | Reached skill level 1 in Poison Magic
  2076 | D:3      | Reached XP level 5. HP: 41/47 MP: 7/7
  2433 | D:3      | Noticed Jessica
  2444 | D:3      | Killed Jessica
  2900 | D:4      | Got a brightly glowing platinum ring
  2901 | D:4      | Identified the ring of the Devil's Advocate {MR+ Str+2 Stlth+} (You found it on level 4 of the Dungeon)
  3009 | D:4      | Reached XP level 6. HP: 24/53 MP: 8/8
  3069 | D:4      | Reached skill level 5 in Armour
  3069 | D:4      | Reached skill level 5 in Dodging
  3234 | D:4      | Found a sand-covered staircase.
  3243 | Ossuary  | Entered an ossuary
  3368 | Ossuary  | Slain by a mummy

Vault maps used:
D:1:      lightli_arrival_noodles, minmay_misc_feat_hallway
D:3:      minmay_misc_feat_more_columns, uniq_jessica
D:4:      enter_ossuary_1
Ossuary:  ossuary_minmay_four_chambers

Skill      XL: |  1  2  3  4  5  6 |
---------------+-------------------+-----
Invocations    | 1 2 |  2.2
Short Blades   | 1 2 |  2.0
Long Blades    | 1 2 |  2.0
Axes           | 1 2 |  2.0
Maces & Flails | 1 2 |  2.0
Polearms       | 1 2 |  2.0
Staves         | 1 2 |  2.0
Slings         | 1 2 |  2.0
Bows           | 1 2 |  2.0
Crossbows      | 1 2 |  2.0
Shields        | 1 2 |  2.0
Unarmed Combat | 1 2 |  2.0
Spellcasting   | 1 2 |  2.0
Conjurations   | 1 |  1.6
Hexes          | 1 |  1.6
Charms         | 1 |  1.6
Summonings     | 1 |  1.6
Necromancy     | 1 |  1.6
Translocations | 1 |  1.6
Transmutations | 1 |  1.6
Fire Magic     | 1 |  1.6
Ice Magic      | 1 |  1.6
Air Magic      | 1 |  1.6
Earth Magic    | 1 |  1.6
Poison Magic   | 1 |  1.6
Throwing       | 3 |  3.3
Evocations     | 3 |  3.3
Stealth        | 3 |  3.1
Armour         | 5 |  5.0
Dodging        | 5 |  5.0
Fighting       | |  6.8

Action                   |  1- 3 |  4- 6 || total
-------------------------+-------+-------++-------
Melee: Spear             |   135 |   325 ||   460
       Bite              |    10 |    31 ||    41
Evoke: Wand              |       |     3 ||     3
  Use: Potion            |     1 |     2 ||     3
 Stab: Sleeping          |     4 |    11 ||    15
  Eat: Chunk             |     1 |     7 ||     8
Armor: Robe              |    28 |       ||    28
       Leather armour    |    18 |    88 ||   106
Dodge: Dodged            |   156 |   231 ||   387
Block: Buckler           |    30 |    66 ||    96

Table legend:
 A = Spawn XP
 B = Non-spawn XP
 C = Spawn XP percentage of total XP
 D = Spawn monster count
 E = Non-spawn monster count
 F = Spawn count percentage of total count
 G = Total turns spent on level
                    A         B        C        D         E        F      G
               +---------+---------+-------+---------+---------+-------+---------
         Total |       0 |     547 |   0.0 |       0 |      95 |   0.0 |  3368
               +---------+---------+-------+---------+---------+-------+---------
           D:1 |       0 |      35 |   0.0 |       0 |      19 |   0.0 |   810
           D:2 |       0 |     149 |   0.0 |       0 |      37 |   0.0 |  1486
           D:3 |       0 |     126 |   0.0 |       0 |      26 |   0.0 |   567
           D:4 |       0 |     192 |   0.0 |       0 |      12 |   0.0 |   380
       Ossuary |       0 |      45 |   0.0 |       0 |       1 |   0.0 |   125
               +---------+---------+-------+---------+---------+-------+---------
